AoeStats
← Rupi the wise

Arena

509629410Analyzed
3v3 RM · 6d ago on Sep 27, 2026· 44m 56s· 6 players
Game mode
Random Map
Map size
Normal (6 player)
Population
200
Speed
Normal
Resources
Standard
Victory
Conquest
Starting age
Dark Age
Ending age
Imperial Age
RankedLock teamsTeams togetherTeam positionsShared explorationLock speedFull tech treeHidden civsTurbo modeCheats
Victory
Defeat
🇦🇷 Hindustanis · Argentina
1066
+13
🇦🇷 Teutons · Argentina
1043
+14
🇦🇷 Mongols · Argentina
986
+16
🇨🇳 Persians · China
1012
-15
🇱🇹 Turks · Lithuania
1001
-15
🇲🇽 Spanish · Mexico
960
-13
ericsarabia91
10:59 Feudal Age
10:00 Loom
11:28 Double-Bit Axe
19:52 Castle Age
18:53 Horse Collar
20:46 Wheelbarrow
21:38 Bow Saw
21:31 Heavy Plow
23:27 Husbandry
27:54 Forging
27:38 Fletching
30:36 Imperial Age
29:14 Bodkin Arrow
31:34 Hand Cart
31:27 Pikeman
34:18 Two-Man Saw
33:54 Gold Mining
34:59 Bracer
35:10 Forging
36:31 Scale Barding Armor
37:30 Cavalier
38:26 Bloodlines
38:56 Halberdier
40:37 Chain Barding Armor
40:53 Iron Casting
45:07 Padded Archer Armor
Evomartis
10:42 Feudal Age
15:56 Castle Age
15:15 Town Watch
16:48 Double-Bit Axe
20:54 Padded Archer Armor
22:45 Horse Collar
23:16 Bow Saw
26:01 Town Patrol
28:43 Wheelbarrow
30:48 Scale Barding Armor
31:43 Scale Mail Armor
31:51 Squires
34:59 Imperial Age
34:57 Leather Archer Armor
35:25 Elite Janissary
36:17 Elite Janissary
37:33 Gold Mining
39:37 Ring Archer Armor
39:35 Conscription
Steven
10:47 Feudal Age
12:12 Wheelbarrow
12:07 Double-Bit Axe
14:49 Loom
19:19 Castle Age
17:25 Horse Collar
20:33 Bow Saw
20:45 Hand Cart
27:12 Heavy Plow
29:31 Gold Mining
31:42 Gold Shaft Mining
34:00 Imperial Age
32:19 Town Watch
32:30 Stone Mining
33:42 Bloodlines
33:33 Husbandry
34:04 Town Patrol
35:27 Two-Man Saw
35:02 Cavalier
36:29 Pikeman
37:10 Squires
38:45 Chemistry
37:17 Halberdier
38:20 Conscription
37:33 Savar
39:22 Scale Barding Armor
39:28 Forging
41:36 Chain Barding Armor
41:52 Iron Casting
42:29 Crop Rotation
elrudy
10:28 Feudal Age
14:16 Castle Age
16:04 Bloodlines
19:14 Double-Bit Axe
25:07 Loom
25:57 Wheelbarrow
26:09 Husbandry
26:14 Horse Collar
29:35 Imperial Age
28:38 Scale Barding Armor
28:25 Fletching
29:42 Grand Trunk Road
30:27 Bodkin Arrow
30:56 Chain Barding Armor
30:46 Forging
30:18 Heavy Camel Rider
32:01 Chemistry
31:21 Shatagni
30:52 Light Cavalry
32:57 Plate Barding Armor
34:42 Town Watch
35:13 Hand Cart
35:11 Bow Saw
35:59 Iron Casting
36:17 Siege Engineers
38:48 Imperial Camel Rider
43:06 Hussar
Rupi the wise
11:38 Feudal Age
13:16 Loom
16:04 Castle Age
14:19 Horse Collar
14:33 Double-Bit Axe
17:30 Wheelbarrow
23:37 Heavy Plow
23:52 Bow Saw
26:31 Gold Mining
28:56 Gold Shaft Mining
28:39 Hand Cart
32:55 Imperial Age
30:38 Fletching
30:49 Padded Archer Armor
31:20 Bodkin Arrow
31:35 Forging
31:31 Scale Barding Armor
32:03 Stone Mining
33:11 Bloodlines
32:22 Light Cavalry
33:03 Husbandry
33:53 Bracer
34:41 Conscription
35:27 Stone Shaft Mining
35:19 Chain Barding Armor
35:35 Iron Casting
36:09 Hussar
37:33 Caravan
38:29 Elite Mangudai
ferrossi405
6:06 Loom
12:10 Feudal Age
15:50 Castle Age
14:25 Double-Bit Axe
14:34 Horse Collar
20:27 Town Watch
21:51 Wheelbarrow
25:10 Fletching
26:15 Fortified Wall
26:16 Masonry
26:13 Bodkin Arrow
29:56 Imperial Age
28:35 Ballistics
29:02 Bow Saw
29:26 Town Patrol
31:00 Crenellations
31:06 Conscription
31:23 Forging
31:19 Scale Barding Armor
31:28 Heavy Plow
32:31 Two-Man Saw
31:25 Gold Mining
31:28 Gambesons
31:44 Squires
32:13 Bloodlines
31:28 Cavalier
33:31 Redemption
34:36 Crop Rotation
34:44 Block Printing
35:54 Iron Casting
35:39 Chain Barding Armor
37:17 Elite Skirmisher
38:00 Padded Archer Armor
39:41 Chemistry
39:51 Leather Archer Armor
42:50 Hoardings
43:46 Blast Furnace
43:23 Plate Barding Armor
44:45 Ring Archer Armor
Connection lost

Rejoining the realm…

Still unreachable

The connection could not be restored.

Session expired

The server has moved on; the page needs a fresh start.